 Dungeon Crawl Stone Soup version 0.23-a0-650-ga4d50d4 (webtiles) character file.

60 ohad the Changer (level 4, 0/32 HPs)
             Began as a Merfolk Transmuter on Jan 3, 2019.
             Succumbed to an adder's poison
             ... on level 2 of the Dungeon.
             The game lasted 00:05:12 (1728 turns).

ohad the Changer (Merfolk Transmuter)               Turns: 1728, Time: 00:05:12

Health: 0/32       AC:  2    Str: 10    XL:     4   Next: 4%
Magic:  1/7        EV: 13    Int: 12    God:
Gold:   106        SH:  0    Dex: 15    Spells: 1/7 levels left

rFire    . . .     SeeInvis .     - Unarmed
rCold    . . .     Gourm    .   (no shield)
rNeg     . . .     Faith    .   b - +0 robe
rPois    .         Spirit   .   (no helmet)
rElec    .         Reflect  .   (no cloak)
rCorr    .         Harm     .   (no gloves)
MR       .....                  (no boots)
Stlth    +.........             (no amulet)
HPRegen  0.10/turn              l - ring of wizardry
MPRegen  0.10/turn              (no ring)

@: lethally poisoned (0 -> -3), appendage
A: change form in water, swift swim, stealthy swim, horns 2
a: End Transformation


You were on level 2 of the Dungeon.
You were hungry.
You had grown temporary horns.
You visited 1 branch of the dungeon, and saw 2 of its levels.

You collected 106 gold pieces.

Inventory:

Hand Weapons
 m - a +4 short sword of draining
Missiles
 a - 3 arrows
Armour
 b - a +0 robe (worn)
 h - a +0 ring mail
Jewellery
 l - a ring of wizardry (left hand)
Scrolls
 c - a scroll of random uselessness {unknown}
 e - 2 scrolls of fear {unknown}
 f - a scroll of enchant weapon {unknown}
 i - a scroll of remove curse {unknown}
 k - a scroll of immolation {unknown}
 n - a scroll of identify {unknown}
 o - 2 scrolls of teleportation {unknown}
 p - 2 scrolls of magic mapping {unknown}
Potions
 g - a potion of curing {unknown}
 j - 2 potions of haste {unknown}
Comestibles
 d - 4 rations
 q - 5 chunks of flesh


   Skills:
 - Level 1.1 Fighting
 - Level 2.6 Dodging
 - Level 3.2 Unarmed Combat
 - Level 2.0 Spellcasting
 + Level 5.6 Transmutations


You had one spell level left.
You knew the following spells:

 Your Spells              Type           Power        Failure   Level  Hunger
a - Beastly Appendage     Tmut           ##....       1%          1    ##.....
b - Sticks to Snakes      Tmut           ##......     1%          2    ###....
c - Spider Form           Tmut/Pois      #.........   11%         3    ####...

Your spell library contained the following spells:

 Spells                   Type           Power        Failure   Level  Hunger
 Blade Hands              Tmut           ##........   28%         5    ######.
 Ice Form                 Ice/Tmut       #.......     32%         4    #####..


Dungeon Overview and Level Annotations

Branches:
Dungeon (2/15)

Altars:
Ru


Innate Abilities, Weirdness & Mutations

You revert to your normal form in water.
You are very nimble and swift while swimming.
You are very stealthy in the water. (Stealth+)
You have a pair of horns on your head.


Message History

You closely miss the adder.
The adder is severely wounded.
The jackal bites you. The adder closely misses you.
Your adder barely misses the adder.
A rat comes into view.
The jackal closely misses you. The jackal bites you.
Your adder barely misses the adder.
The adder bites you.
* * * LOW HITPOINT WARNING * * *
Your adder barely misses the adder.
Found an escape hatch in the ceiling.
The jackal bites you.
* * * LOW HITPOINT WARNING * * *
Unknown command.
The adder bites you.
* * * LOW HITPOINT WARNING * * *
You are lethally poisoned!
The adder poisons you! The jackal bites you.
* * * LOW HITPOINT WARNING * * *
Unknown command.
You die...

#.......# #..<....#
#.....# #.g.....#
.......... #h......#
#.<....... ..h......#
##........# ####S......#
#......... #..<.......#
........#####..##.......##
#.......@....# #........#
#.....h.###### #######.#
###.....hS# #..
#........S# ##..
#.........# #...
#.......)[## ###.#.
#.....###..# ##...##
......# ##.## #..####
......#####..#########.##


You could see an adder, 2 jackals and a friendly adder.

Vanquished Creatures
  2 adders (D:2)
  2 dart slugs
  A leopard gecko (D:2)
  A ball python (D:1)
  A giant cockroach (D:2)
  3 goblins
  8 hobgoblins
  A jackal (D:1)
  8 bats
  A frilled lizard (D:2)
  2 kobolds
  2 rats (D:1)
32 creatures vanquished.

Vanquished Creatures (collateral kills)
  An adder (D:1)
1 creature vanquished.

Grand Total: 33 creatures vanquished

Notes
Turn   | Place    | Note
-------+----------+-------------------------------------------
     0 | D:1      | ohad the Merfolk Transmuter began the quest for the Orb.
     0 | D:1      | Reached XP level 1. HP: 15/15 MP: 3/3
    53 | D:1      | Reached skill level 3 in Transmutations
   156 | D:1      | Reached XP level 2. HP: 19/21 MP: 3/5
   313 | D:1      | Learned a level 2 spell: Sticks to Snakes
   447 | D:1      | Reached skill level 4 in Transmutations
   974 | D:1      | Reached XP level 3. HP: 4/26 MP: 0/6
  1303 | D:1      | Learned a level 3 spell: Spider Form
  1386 | D:2      | Reached skill level 5 in Transmutations
  1453 | D:2      | Found a sacrificial altar of Ru.
  1703 | D:2      | Reached XP level 4. HP: 27/32 MP: 4/7
  1716 | D:2      | Found a faded altar of an unknown god.
  1727 | D:2      | HP: 1/32 [jackal (2)]
  1728 | D:2      | Succumbed to an adder's poison

Vault maps used:
D:1:      denvon_arrival_waterhouse
D:2:      chequers_ecumenical_altar_simple, nicolae_ru_awakened_eye,
          uniq_natasha

Skill      XL: |  1  2  3 |
---------------+----------+-----
Transmutations | 3 4 5 |  5.6
Fighting       | |  1.1
Dodging        | |  2.6
Unarmed Combat | |  3.2
Spellcasting   | |  2.0

Action                   |  1- 3 |  4- 6 || total
-------------------------+-------+-------++-------
Melee: Unarmed           |    84 |    12 ||    96
       Headbutt          |    13 |     2 ||    15
       Punch             |       |     1 ||     1
 Cast: Beastly Appendage |    17 |     1 ||    18
       Sticks to Snakes  |     7 |     2 ||     9
       Spider Form       |     1 |       ||     1
 Stab: Sleeping          |     1 |       ||     1
  Eat: Chunk             |     3 |       ||     3
Armor: Robe              |    25 |     6 ||    31
Dodge: Dodged            |    74 |    22 ||    96

Table legend:
 A = Non-vault XP
 B = Vault XP
 C = Vault XP percentage of total XP
 D = Non-vault monster count
 E = Vault monster count
 F = Vault count percentage of total count
                 A         B        C        D         E       F
            +---------+---------+-------+---------+---------+-------
      Total |      86 |       0 |   0.0 |      33 |       0 |   0.0
            +---------+---------+-------+---------+---------+-------
        D:1 |      38 |       0 |   0.0 |      17 |       0 |   0.0
        D:2 |      48 |       0 |   0.0 |      16 |       0 |   0.0
            +---------+---------+-------+---------+---------+-------
